[Event "*** Titled Tuesday Blitz"]
[Site "Chess.com"]
[Date "2020.05.19"]
[Round "10"]
[White "Asteroxylon"]
[Black "Mikhail_Golubev"]
[Result "1-0"]
[WhiteElo "2460"]
[BlackElo "2535"]
[TimeControl "180+1"]
[EndTime "13:57:25 PDT"]
[Termination "Asteroxylon won on time"]

1. e4 c5 2. Nc3 Nc6 3. g3 g6 4. Bg2 Bg7 5. d3 e6 6. Be3 Nd4 7. f4 Ne7 8. Nf3 Nec6 9. e5 d6 10. O-O dxe5 11. Nxe5 Nxe5 12. fxe5 Bxe5 13. Ne4 O-O 14.
c3 Nf5 15. Bxc5 Re8 16. Qf3 b6 17. Bf2 Bb7 18. Rae1 Bg7 19. g4 Nd6 20. Bg3 Bxe4 21. dxe4 e5 22. Rd1 Qc7 23. Bh4 Re6 24. Rd5 Rae8 25. Rfd1 f6 26. Bf2 Qe7 27. Qd3 Nf7 28.
Rd7 Qf8 29. Rxa7 Rd6 30. Qc2 Ng5 31. h4 Ne6 32. Bf1 Rxd1 33. Qxd1 Kh8 34. Qd7 Nf4 35. Bc4 Rd8 36. Qf7 Qxf7 37. Rxf7 Nh3+ 38. Kg2 Nxf2 39. Kxf2 Rd2+ 40. Ke3 Rxb2 41. g5 fxg5 42. hxg5 h5 43. Rb7 Bf8 44. Rb8 Kg7 45. Rb7+ Kh8 46. Rb8 Kg7 47. Kd3 Bc5 48. Rb7+ Kf8 49. Rf7+ Ke8 50.
Rf6 h4 51. Rxg6 h3 52. Rh6 h2 53. g6 Bf8 54. Rh8 Rg2 55. g7 1-0

[Event "*** Titled Tuesday Blitz"]
[Site "Chess.com"]
[Date "2020.05.19"]
[Round "10"]
[White "Mirzaad786"]
[Black "LimeInTheCoconut"]
[Result "0-1"]
[WhiteElo "2291"]
[BlackElo "2508"]
[TimeControl "180+1"]
[EndTime "13:57:26 PDT"]
[Termination "LimeInTheCoconut won by checkmate"]

1. d4 Nf6 2. Bf4 d5 3. c3 Bf5 4. Qb3 Qc8 5. Nd2 e6 6. e3 c5 7. Ngf3 Be7 8. Be2 O-O 9. O-O h6 10. h3 Nbd7 11. Rac1 c4 12. Qd1 b5 13. Ne5 a5 14. g4 Bh7 15. g5 hxg5 16. Bxg5 Qc7 17.
f4 b4 18. Rf2 bxc3 19. bxc3 Rab8 20. Rg2 Rfe8 21. Qe1 Nxe5 22. fxe5 Ne4 23. Nxe4 Bxe4 24. Rg4 Bf8 25. Qg3 Bg6 26. Bf4 Rb2 27. Bf3 Reb8 28. Bxd5 Rb1 29. Rxb1 Rxb1+ 30. Kh2 exd5 31. e6 Be4 32.
Qh4 Rh1+ 33. Kg3 Rg1+ 34. Kf2 Rxg4 35. hxg4 Qe7 36. Qxe7 Bxe7 37. exf7+ Kxf7 38. Bc7 a4 39.
Kg3 Bb1 40. Kf4 Bxa2 41. Ke5 Bb3 42. Kxd5 a3 43. e4 a2 44. e5 a1=Q 45. e6+ Ke8 46. Be5 Qa8# 0-1

[Event "*** Titled Tuesday Blitz"]
[Site "Chess.com"]
[Date "2020.05.19"]
[Round "10"]
[White "Belka1989"]
[Black "Lali-Rustavi"]
[Result "1/2-1/2"]
[WhiteElo "2113"]
[BlackElo "1895"]
[TimeControl "180+1"]
[EndTime "13:57:26 PDT"]
[Termination "Game drawn by repetition"]

1. d4 Nf6 2. Nf3 g6 3. Bf4 Bg7 4. e3 d6 5. Be2 O-O 6. O-O Nbd7 7. c3 c6 8. h3 b5 9. Nbd2 Bb7 10. Re1 a6 11.
Qb3 c5 12. Bf1 Nd5 13. Bh2 e5 14. e4 Nf4 15. d5 f5 16. c4 b4 17. Bxf4 exf4 18.
Rad1 Qf6 19. Rb1 g5 20. exf5 Qxf5 21. Bd3 Qf6 22. Qc2 Qh6 23. Re6 Rf6 24. Rbe1 Raf8 25. Rxf6 Rxf6 26. Re8+ Rf8 27. Re1 Bc8 28. Bf5 Nf6 29.
Bxc8 Rxc8 30. Qf5 Rd8 31. Qxg5 Rf8 32. Qxh6 Bxh6 33. Ne4 Ne8 34. b3 Bg7 35. Neg5 Bc3 36. Re2 Ng7 37. Ne6 Nxe6 38. Rxe6 Rf6 39. Rxf6 Bxf6 40.
Kf1 a5 41. Ke2 Kf7 42. Nd2 Kg6 43. Ne4 Be5 44. Kf3 Kf5 45. g3 fxg3 46. fxg3 h5 47.
g4+ hxg4+ 48. hxg4+ Kg6 49. g5 Kf5 50. Ke3 Kg6 51.
Kf3 Kf5 52. Ke3 Kg6 53. Kf3 1/2-1/2

[Event "*** Titled Tuesday Blitz"]
[Site "Chess.com"]
[Date "2020.05.19"]
[Round "10"]
[White "zmeeed67"]
[Black "Slovak_fighter2000"]
[Result "1-0"]
[WhiteElo "2427"]
[BlackElo "2533"]
[TimeControl "180+1"]
[EndTime "13:57:27 PDT"]
[Termination "zmeeed67 won by resignation"]

1. d4 e5 2. dxe5 Nc6 3. Nf3 Qe7 4. Bf4 Qb4+ 5. Bd2 Qxb2 6. Nc3 Bb4 7. Rb1 Qxc3 8.
Bxc3 Bxc3+ 9. Nd2 Nxe5 10. Rb3 Ba5 11. Re3 d6 12. f4 Bb6 13. Rg3 Ng6 14. e3 Nf6 15. Be2 O-O 16. h4 Ne7 17. Bd3 Ned5 18. Ne4 Nxe4 19. Bxe4 Nxe3 20. Qd3 g6 21. Rxe3 Bxe3 22.
Qxe3 Re8 23. Kf2 d5 24. h5 Rxe4 25. Qc3 Rxf4+ 26. Kg3 Rf5 27. h6 Kf8 28. Qg7+ Ke7 29. Qxh7 Be6 30. Qg7 Rg5+ 31. Kf2 Rf5+ 32. Ke3 c5 33. h7 d4+ 34. Kd2 Rf2+ 35. Kc1 Rxg2 36. h8=Q Rxh8 37. Qxh8 Rf2 38. Qh4+ Kd7 39. Qxf2 Kc6 40.
Rf1 b6 41. Qd2 Kd5 42. c3 Ke5 43. cxd4+ cxd4 44. Re1+ Kd5 45. Rd1 1-0

[Event "*** Titled Tuesday Blitz"]
[Site "Chess.com"]
[Date "2020.05.19"]
[Round "10"]
[White "viviania"]
[Black "Sibelephant"]
[Result "0-1"]
[WhiteElo "2952"]
[BlackElo "3171"]
[TimeControl "180+1"]
[EndTime "13:57:28 PDT"]
[Termination "Sibelephant won on time"]

1. e4 c5 2. Nf3 d6 3. d4 cxd4 4. Nxd4 Nf6 5. Nc3 a6 6. Be2 e6 7. Be3 Be7 8. g4 O-O 9. g5 Nfd7 10. h4 b5 11. a3 Bb7 12. Rg1 Nc6 13. h5 Rc8 14. f3 Nce5 15. Qd2 Nb6 16. b3 b4 17. axb4 d5 18. Na4 Nxa4 19. Rxa4 dxe4 20. f4 Nf3+ 21. Nxf3 exf3 22. Bxa6 Bxa6 23. Rxa6 Qc7 24. Ra7 Qxc2 25. Rxe7 Qe4 26. g6 f2+ 27. Kxf2 Rc2 28.
gxf7+ Rxf7 29. Re8+ Rf8 30. Rxf8+ Kxf8 31. Qxc2 Qxc2+ 32.
Kf3 Qxb3 33. Rg5 Qd1+ 34. Kf2 Qc2+ 35. Kf3 Kf7 36. b5 Qd1+ 37. Kf2 Qc2+ 38. Kf3 h6 39. Re5 Qd1+ 40. Kf2 Qc2+ 41. Kf3 Qb1 42. Kf2 Qb2+ 43.
Kf3 Qb3 44. Kf2 g6 0-1

[Event "*** Titled Tuesday Blitz"]
[Site "Chess.com"]
[Date "2020.05.19"]
[Round "10"]
[White "stasiek18"]
[Black "dennisodessa"]
[Result "0-1"]
[WhiteElo "2354"]
[BlackElo "2254"]
[TimeControl "180+1"]
[EndTime "13:57:28 PDT"]
[Termination "dennisodessa won on time"]

1. d4 Nf6 2. c4 e6 3. Nf3 Bb4+ 4. Bd2 a5 5. g3 O-O 6. Bg2 d5 7. Nc3 dxc4 8. O-O Bxc3 9. bxc3 b5 10. a4 c6 11. Ne5 Ra6 12. Qb1 Bd7 13. Bg5 h6 14. Bxf6 Qxf6 15. Nxd7 Nxd7 16. axb5 Rb6 17. Bxc6 Nb8 18.
Bg2 e5 19. e3 exd4 20. exd4 Qg5 21. Rxa5 Nc6 22. f4 Qh5 23. Bf3 Qxf3 24. Rxf3 Nxa5 25.
Qb4 Ra8 26. Rf1 Nb3 27. Qxc4 Nd2 28. Qd5 Rab8 29. c4 Nxf1 30. Kxf1 g6 31. Qc5 R6b7 32. d5 Ra8 33. d6 Rba7 34. b6 Ra1+ 35. Kg2 R8a2+ 36. Kf3 Rf1+ 37. Ke4 Rd2 38. Qe3 Rxd6 39.
b7 Re6+ 40. Kd4 Rd1+ 41. Kc5 Rxe3 42. b8=Q+ Kg7 43. Qb2+ Kg8 0-1

[Event "*** Titled Tuesday Blitz"]
[Site "Chess.com"]
[Date "2020.05.19"]
[Round "10"]
[White "jonaszmb"]
[Black "MrChampion_Coach"]
[Result "1-0"]
[WhiteElo "2517"]
[BlackElo "2321"]
[TimeControl "180+1"]
[EndTime "13:57:29 PDT"]
[Termination "jonaszmb won by checkmate"]

1. e4 c5 2. Nf3 d6 3. d4 cxd4 4. Nxd4 Nf6 5. Nc3 a6 6. Bc4 e6 7. Bb3 Nbd7 8. Bg5 Nc5 9. Qf3 Be7 10. O-O-O Qc7 11. g4 Bd7 12. Kb1 b5 13. a3 Rb8 14.
Qg3 Nfxe4 15. Bxe7 Nxg3 16. Rhe1 Kxe7 17. Nd5+ Kd8 18.
Nxc7 Kxc7 19. hxg3 b4 20. axb4 Rxb4 21. Ka2 Rhb8 22. f4 a5 23. c3 Rxb3 24. Nxb3 Nxb3 25. g5 h5 26. gxh6 gxh6 27. Rh1 Nc5 28. Rxh6 Ba4 29.
Rdh1 Bb3+ 30. Kb1 Bd5 31. R1h2 Ne4 32. Rh8 Nxc3+ 33. Kc2 Rxh8 34. Rxh8 Ne4 35. g4 Nc5 36. Kc3 Na4+ 37. Kd4 Nxb2 38. Rh7 Kc6 39. f5 e5+ 40. Kc3 a4 41. Kxb2 a3+ 42. Kxa3 f6 43. Kb4 Bf3 44. g5 fxg5 45. f6 Bd5 46. Rg7 Bf7 47. Rxf7 Kd5 48. Re7 e4 49. f7 e3 50. f8=Q e2 51. Qf5+ Kc6 52. Qe4+ Kb6 53. Qxe2 Kc6 54. Qb5# 1-0

[Event "*** Titled Tuesday Blitz"]
[Site "Chess.com"]
[Date "2020.05.19"]
[Round "10"]
[White "peixe64"]
[Black "Omk124"]
[Result "0-1"]
[WhiteElo "2241"]
[BlackElo "2362"]
[TimeControl "180+1"]
[EndTime "13:57:29 PDT"]
[Termination "Omk124 won on time"]

1. d4 Nf6 2. c4 g6 3. Nc3 d5 4. Bf4 Bg7 5. e3 O-O 6. Nf3 Bg4 7. h3 Bxf3 8. Qxf3 c6 9. cxd5 cxd5 10. Be2 Nc6 11.
O-O Rc8 12. Rfc1 a6 13. Na4 e6 14. Nc5 Qe7 15. Qg3 Rfd8 16. a3 b6 17. Nxa6 Ne4 18. Qh2 Qb7 19. f3 Nd2 20. Nb4 Nxb4 21. Rxc8 Rxc8 22.
axb4 b5 23. Be5 Bf8 24. Bd6 Nb3 25. Ra3 Nc1 26. Bf1 Rc2 27. Rc3 Ne2+ 28. Bxe2 Rxe2 29. Qe5 Bxd6 30. Qxd6 Rxe3 31. Rxe3 Qc8 32. Rc3 Qa6 33. Rc7 Qxd6 34. Rc8+ Kg7 35. Rc5 Qf4 36. Kf2 Qxd4+ 37. Kg3 Qxb4 38. Kh2 Qxc5 39. Kh1 b4 40. Kh2 b3 41. Kg3 d4 42. Kf4 d3 43. Kg3 d2 0-1

[Event "*** Titled Tuesday Blitz"]
[Site "Chess.com"]
[Date "2020.05.19"]
[Round "10"]
[White "Alexander_Zubov"]
[Black "rpragchess"]
[Result "1-0"]
[WhiteElo "2954"]
[BlackElo "2848"]
[TimeControl "180+1"]
[EndTime "13:57:31 PDT"]
[Termination "Alexander_Zubov won by resignation"]

1. d4 Nf6 2. c4 e6 3. Nf3 d5 4. Nc3 a6 5. cxd5 exd5 6. Bf4 Bd6 7. Bg3 O-O 8. e3 Bf5 9. Bh4 c6 10. Qb3 Ra7 11. Ne5 Be7 12. Be2 Nbd7 13. Nxd7 Nxd7 14.
Bg3 Nf6 15. O-O Qd7 16. f3 Raa8 17. Na4 Rae8 18. Rac1 h5 19. Nc5 Bxc5 20. Rxc5 Qe7 21.
Rc3 Nh7 22. Qa3 Qxa3 23. bxa3 Rd8 24. Rb3 Rd7 25. Rc1 Re8 26. h4 Nf8 27. a4 Ne6 28.
Kf2 f6 29. a5 Nd8 30. Rcc3 Kh7 31. Rb2 g5 32. hxg5 fxg5 33. Rcb3 Kg6 34. Be5 Rde7 35. Rb6 h4 36. g4 hxg3+ 37. Kxg3 Rh7 38. Bf1 Ree7 39. Bg2 Bc8 40. e4 dxe4 41. fxe4 Nf7 42. Bb8 Rh4 43. d5 Kg7 44. dxc6 bxc6 45. Rxc6 Bb7 46.
Rc4 Bxe4 47. Bf1 Nh6 48. Rb6 Nf5+ 49. Kf2 Rh2+ 50. Bxh2 1-0

[Event "*** Titled Tuesday Blitz"]
[Site "Chess.com"]
[Date "2020.05.19"]
[Round "10"]
[White "temus_galaktionov"]
[Black "AttilaTurzo"]
[Result "1-0"]
[WhiteElo "2681"]
[BlackElo "2491"]
[TimeControl "180+1"]
[EndTime "13:57:32 PDT"]
[Termination "temus_galaktionov won by resignation"]

1. d4 Nf6 2. Nf3 e6 3. c4 Bb4+ 4. Nbd2 O-O 5. a3 Bxd2+ 6. Qxd2 b6 7. e3 Bb7 8. Be2 d6 9. b4 Nbd7 10. Bb2 Ne4 11. Qc2 f5 12. O-O Rf6 13. d5 e5 14. Nd2 Nxd2 15. Qxd2 Rh6 16. f4 Qh4 17. h3 Rg6 18. Kh1 Nf6 19. Qe1 Qxe1 20. Rfxe1 Re8 21. Bd3 Ne4 22. Kh2 c6 23. Bxe4 fxe4 24. dxc6 Bxc6 25.
fxe5 dxe5 26. Rad1 Rf6 27. Rd2 Rfe6 28. Red1 Ba4 29.
Rc1 Rc8 30. Rd5 Bb3 31. Rxe5 Rxe5 32. Bxe5 Bxc4 33. Kg3 Be6 34. Rd1 Bc4 35. Rd7 Bf7 36. Rxa7 Re8 37. Bd4 Re6 38. Ra8+ Be8 39. Bxb6 Kf7 40.
Bd4 Rg6+ 41. Kf2 Bc6 42. Ra7+ Ke6 43. Rxg7 Rxg7 44. Bxg7 h5 45. Kg3 Kf5 46. Kh4 Kg6 47. Bd4 Bd7 48. g4 hxg4 49. hxg4 Bc6 50. Bc5 Bd7 51. Kg3 Kg5 52. Be7+ Kg6 53. Kf4 Bc6 54. a4 Bxa4 55. Kxe4 Bd7 56. g5 Bf5+ 57. Kd5 Bd3 58. Kc5 Kf7 59. Bf6 Ke6 60. b5 Kd7 61. b6 Be4 62.
Bd4 Kc8 63. Kd6 Kb7 64. Ke5 Bd3 65. Kf6 Kc6 66. g6 Bc4 67. g7 Bd5 68. e4 Bxe4 69.
g8=Q 1-0

[Event "*** Titled Tuesday Blitz"]
[Site "Chess.com"]
[Date "2020.05.19"]
[Round "10"]
[White "Er_is_geen_hoop_meer"]
[Black "SHIVACalypso"]
[Result "1/2-1/2"]
[WhiteElo "2430"]
[BlackElo "2319"]
[TimeControl "180+1"]
[EndTime "13:57:32 PDT"]
[Termination "Game drawn - insufficient material"]

1. b4 Nf6 2. Bb2 g6 3. g4 h6 4. c4 Bg7 5. Bg2 O-O 6. h4 Nxg4 7. Bxg7 Kxg7 8. h5 g5 9. e4 d6 10. d4 e5 11. Nf3 Nc6 12. b5 Nxd4 13. Nxd4 exd4 14.
Qxd4+ Qf6 15. Qxf6+ Nxf6 16. Nc3 Be6 17. Nd5 Bxd5 18.
cxd5 Nxe4 19. Bxe4 Rae8 20. f3 f5 21. Rc1 Rf7 22.
Rc4 fxe4 23. fxe4 Ree7 24. Ke2 Rf4 25. Ke3 Kf8 26. Rhc1 Rff7 27. a4 Ke8 28. a5 b6 29.
axb6 axb6 30. Ra1 g4 31. Ra8+ Kd7 32. Ra7 Kc8 33. Ra8+ Kd7 34. Ra7 Rf3+ 35. Kd4 Kc8 36. Ra8+ Kd7 37. Ra7 Kc8 38. Ra8+ Kd7 39. Rh8 g3 40.
Rxh6 Rg7 41. Rc1 g2 42. Rg6 Rxg6 43. hxg6 Rg3 44. Rg1 Rxg6 45. Ke3 Ke7 46. Kf3 Kf6 47. Rxg2 Rxg2 48. Kxg2 Ke5 49. Kf3 Kd4 50. Kf4 Kc5 51. Kf5 Kxb5 52. Ke6 Kc5 53. Kd7 b5 54. Kxc7 b4 55. e5 b3 56. exd6 b2 57. d7 b1=Q 58. d8=Q Qh7+ 59. Kc8 Qf5+ 60. Kb8 Qxd5 61. Qa5+ Kd4 62.
Qd2+ Ke5 63. Qh2+ Ke6 64. Qh6+ Ke5 65. Qg5+ Kd4 66. Qd2+ Ke4 67. Qe2+ Kd4 68. Ka7 Qc5+ 69.
Kb7 Qc4 70. Qg4+ Kc3 71. Qf3+ Kb4 72. Qe3 Qb5+ 73. Kc7 Qc5+ 74. Qxc5+ Kxc5 1/2-1/2

[Event "*** Titled Tuesday Blitz"]
[Site "Chess.com"]
[Date "2020.05.19"]
[Round "10"]
[White "Xeslu"]
[Black "PauloCesarCosta_sad"]
[Result "1/2-1/2"]
[WhiteElo "2348"]
[BlackElo "2206"]
[TimeControl "180+1"]
[EndTime "13:57:33 PDT"]
[Termination "Game drawn by repetition"]

1. e4 e6 2. d3 c5 3. Nd2 Nc6 4. Ngf3 g6 5. g3 Bg7 6. Bg2 Nge7 7. O-O O-O 8. c3 d6 9. h4 Rb8 10. Re1 b5 11. Qc2 b4 12. Nf1 a5 13. h5 Ba6 14. h6 Bh8 15. Bg5 Ne5 16. Rad1 Nxf3+ 17. Bxf3 Qc7 18. Bg2 Nc6 19. Bf4 Rbd8 20. Be3 Ne5 21.
d4 cxd4 22. Bxd4 Bxf1 23. Rxf1 bxc3 24. Qxc3 Qxc3 25. Bxc3 Nc4 26. Bxh8 Kxh8 27. b3 Ne5 28. Rd4 Ng4 29. Rfd1 Nxh6 30. Rxd6 Rxd6 31. Rxd6 Ra8 32.
e5 Ra7 33. a3 Kg7 34. b4 axb4 35. axb4 Nf5 36. Rb6 Ra1+ 37. Bf1 Nd4 38. Kg2 Rb1 39. b5 Rb3 40. Rb7 Nf3 41. b6 Nxe5 42. Be2 Rb2 43. Kf1 Rb1+ 44. Kg2 Rb2 45. Bf3 Nxf3 46. Kxf3 Kf6 47.
Rb8 h5 48. b7 Rb3+ 49. Kg2 g5 50. f4 gxf4 51. gxf4 Kg7 52. Kf2 Kf6 53. Kg2 Kg7 54. Kh2 Kf6 55. Kg2 1/2-1/2

[Event "*** Titled Tuesday Blitz"]
[Site "Chess.com"]
[Date "2020.05.19"]
[Round "10"]
[White "nihalsarin"]
[Black "vladislavkovalev"]
[Result "0-1"]
[WhiteElo "3016"]
[BlackElo "2930"]
[TimeControl "180+1"]
[EndTime "13:57:36 PDT"]
[Termination "vladislavkovalev won by resignation"]

1. d4 Nf6 2. Bf4 e6 3. e3 d5 4. Nd2 c5 5. c3 Nc6 6. Ngf3 cxd4 7. exd4 Nh5 8. Be3 Bd6 9. Ne5 g6 10. Nd3 f6 11. g3 Ng7 12. Bg2 Nf5 13. Qe2 Kf7 14. O-O h5 15. Bf4 b6 16. Rfe1 h4 17. g4 Ng7 18. h3 Bxf4 19. Nxf4 g5 20. Nd3 Ba6 21. Nf3 Bxd3 22. Qxd3 Qd6 23. Re3 Ne7 24. Qd2 Ng6 25. Ne1 Rhf8 26. Nd3 Rae8 27. Rae1 Kg8 28.
Qe2 Kh7 29. Qc2 Kh6 30. Qd2 a6 31. a4 a5 32. Bf1 e5 33. dxe5 fxe5 34. Bg2 Re6 35. Nc1 Nf4 36. Ne2 Nxg2 37. Kxg2 Ref6 38. f3 e4 39. Rf1 Ne6 40. Nd4 Nxd4 41. Qxd4 Qg3+ 42.
Kh1 Qxh3+ 43. Kg1 Qg3+ 44. Kh1 exf3 45. Qd2 Qh3+ 46. Kg1 Qxg4+ 47. Kh1 Qh3+ 48. Kg1 Qg3+ 49. Kh1 Qg2+ 50. Qxg2 fxg2+ 51. Kxg2 Rxf1 52. Re6+ R1f6 53. Re2 g4 54. Rd2 Kg5 55. Rxd5+ Rf5 56. Rd2 R8f6 57.
b4 h3+ 58. Kg3 Rf3+ 59. Kh2 Rf2+ 0-1

[Event "*** Titled Tuesday Blitz"]
[Site "Chess.com"]
[Date "2020.05.19"]
[Round "10"]
[White "Radzio1987"]
[Black "mrkvoz"]
[Result "0-1"]
[WhiteElo "2913"]
[BlackElo "2844"]
[TimeControl "180+1"]
[EndTime "13:57:36 PDT"]
[Termination "mrkvoz won by resignation"]

1. c4 d6 2. d4 e5 3. dxe5 dxe5 4.
Qxd8+ Kxd8 5. Nc3 Be6 6. e3 c6 7. b3 Nd7 8. Bb2 Kc7 9. O-O-O f6 10. Nf3 Nh6 11. h3 Nf7 12. g4 Nc5 13. Kc2 a5 14. Ba1 Be7 15. Be2 Rhd8 16. Nd2 Nd6 17. Rhg1 Bf7 18.
f4 Bg6+ 19. f5 Bf7 20. Bf3 h6 21. Be2 Rd7 22. Bb2 Rad8 23. a3 b6 24. e4 Ndb7 25. h4 Nd3 26. Bxd3 Rxd3 27. Nd5+ cxd5 28. Kxd3 dxc4+ 29. Kc2 cxb3+ 30. Nxb3 a4 31. Nd2 Nc5 32. Bc3 Nb3 33.
g5 Bh5 34. Rb1 hxg5 35. hxg5 Be2 36. Rg3 Nxd2 37. Bxd2 fxg5 38. Re1 Bc4 39. Bxg5 Bf6 40. Bxf6 gxf6 41. Rg6 Rd6 42. Kc3 b5 43. Rh1 Kb6 44.
Rhh6 Rd3+ 45. Kc2 Rxa3 46. Rxf6+ Kc5 47. Rc6+ Kb4 48. f6 Rf3 49. Rh8 a3 50. Kd2 a2 51.
Ra8 Rf1 52. Rca6 Rf4 53. Ke3 Kc3 54. R6a7 Rxf6 55. Rc8 Kb2 56. Rxa2+ Kxa2 0-1

[Event "*** Titled Tuesday Blitz"]
[Site "Chess.com"]
[Date "2020.05.19"]
[Round "10"]
[White "ChristopherYoo"]
[Black "KuzubovYuriy"]
[Result "0-1"]
[WhiteElo "2859"]
[BlackElo "2725"]
[TimeControl "180+1"]
[EndTime "13:57:36 PDT"]
[Termination "KuzubovYuriy won on time"]

1. e4 e5 2. Nf3 Nf6 3. Nc3 Nc6 4. Be2 g6 5. d4 exd4 6. Nxd4 Bg7 7. Nxc6 dxc6 8.
Qxd8+ Kxd8 9. Bf4 Be6 10. O-O-O+ Kc8 11. h3 a5 12. Be5 Re8 13. g4 b5 14. f4 Bh8 15.
Bf3 Ra6 16. Rd2 g5 17. f5 Bd7 18. Bd4 c5 19. Bxc5 b4 20. Nd5 Nxd5 21. exd5 h5 22. gxh5 Be5 23. Kb1 Bf4 24. Rdd1 Bxf5 25. Bg4 Bd7 26.
Rde1 Rxe1+ 27. Rxe1 f5 28. Be2 Rh6 29. Bf8 Rh7 30. h6 g4 31. hxg4 fxg4 32. Bd3 Rxh6 33. Bxh6 Bxh6 34. Rg1 Be3 35. Rg2 Bf4 36. Be2 g3 37.
Bf3 Bf5 38. a3 b3 39. Re2 bxc2+ 40. Rxc2 a4 41. Bg2 Kd7 42. Bf3 Kd6 43. Bg2 Be3 44. Bf3 Ke5 45. Bg2 Kf4 46. Bh1 Kg4 47. Bg2 Bd3 48. Bh1 Bf4 49. Bg2 Kh4 50. Bh1 Kh3 51.
Bg2+ Kg4 52. Bh1 Kf5 53. Bg2 Bd2 54. Bh1 Kf4 55. Bg2 Ke3 56. Bh3 Kf2 57. d6 cxd6 0-1

[Event "*** Titled Tuesday Blitz"]
[Site "Chess.com"]
[Date "2020.05.19"]
[Round "10"]
[White "MaxLeto"]
[Black "ChessMavenYeti"]
[Result "1-0"]
[WhiteElo "2330"]
[BlackElo "2113"]
[TimeControl "180+1"]
[EndTime "13:57:36 PDT"]
[Termination "MaxLeto won by resignation"]

1. g4 d5 2. g5 e5 3. d4 e4 4. c4 c6 5. Nc3 Ne7 6. h4 Nf5 7. Bf4 Be6 8. e3 Qb6 9. Qb3 Na6 10. c5 Qxb3 11. axb3 Nb4 12. Ra4 a5 13. Bc7 Be7 14. Bxa5 Na6 15. Nge2 O-O 16. Nf4 Bd7 17. Be2 Bd8 18. Bxd8 Rfxd8 19. Kd2 Nc7 20. h5 Ne6 21. Nxe6 fxe6 22. Bg4 Ne7 23. Rha1 Rab8 24. Ra7 Rf8 25. Ke1 Rf7 26. b4 Nf5 27. Ne2 Nh4 28. Nf4 Nf5 29.
Bxf5 Rxf5 30. Ra8 Rxa8 31. Rxa8+ Kf7 32. g6+ hxg6 33. hxg6+ Ke7 34. Rb8 Rg5 35. Rxb7 Rg1+ 36. Kd2 Rb1 37. b5 Rxb2+ 38. Kc3 Rxb5 39. Rxb5 cxb5 40.
Kb4 Bc6 41. Ka5 Kd7 42. Nh5 Kc7 43. Nxg7 Bd7 44. Nh5 Be8 45. Nf4 Kd7 46. Kxb5 Ke7+ 47. Kb6 Kf6 48. c6 Ke7 49. Kb7 Kd6 50. c7 Bc6+ 51. Kb8 Bd7 52. c8=Q Bxc8 53. Kxc8 Ke7 54. Kc7 Kf6 55. Kd6 Kg7 56. Kxe6 1-0

[Event "*** Titled Tuesday Blitz"]
[Site "Chess.com"]
[Date "2020.05.19"]
[Round "10"]
[White "Nara_Kh"]
[Black "alenee"]
[Result "0-1"]
[WhiteElo "2277"]
[BlackElo "2411"]
[TimeControl "180+1"]
[EndTime "13:57:36 PDT"]
[Termination "alenee won by checkmate"]

1. e4 c5 2. Nf3 e6 3. d4 cxd4 4. Nxd4 Nc6 5. Nc3 Qc7 6. Be3 a6 7. Be2 Nf6 8. O-O b5 9. Nxc6 dxc6 10. a3 Be7 11. f4 O-O 12. e5 Nd5 13. Nxd5 cxd5 14.
Bd4 Bd7 15. c3 a5 16. Kh1 b4 17. axb4 axb4 18. Bd3 g6 19. Qg4 Qb7 20. h4 Bb5 21.
Bxb5 Qxb5 22. h5 bxc3 23. bxc3 Qd3 24. hxg6 hxg6 25. Rfd1 Qe4 26. Re1 Rxa1 27. Rxa1 Kg7 28. Kg1 Rh8 29. Qg3 Rh4 30. Rf1 Qf5 31. Qe3 Qh5 32. Kf2 Rg4 33. Qf3 Bh4+ 34. Kg1 Bg3 35.
Qxg4 Qxg4 36. Rf3 Qh4 37. Kf1 Qh1+ 38. Ke2 Qxg2+ 39. Bf2 Bxf2 40. Rxf2 Qe4+ 41. Kd2 g5 42.
fxg5 Qxe5 43. Kd3 Qxg5 44. Kd4 Qg1 45. Ke3 Qxf2+ 46. Kxf2 Kf6 47. Ke3 Ke5 48. Kd3 f5 49. Ke3 f4+ 50. Kf3 Kf5 51. Kf2 e5 52. Ke2 e4 53.
Kf2 Kg4 54. Ke2 e3 55. Kf1 Kf3 56. c4 dxc4 57. Ke1 c3 58. Kf1 c2 59. Ke1 c1=Q# 0-1

[Event "*** Titled Tuesday Blitz"]
[Site "Chess.com"]
[Date "2020.05.19"]
[Round "10"]
[White "White_Ghost"]
[Black "GoldenShare"]
[Result "0-1"]
[WhiteElo "2459"]
[BlackElo "2616"]
[TimeControl "180+1"]
[EndTime "13:57:38 PDT"]
[Termination "GoldenShare won on time"]

1. d4 d5 2. c4 dxc4 3. e4 b5 4. a4 c6 5. axb5 cxb5 6. Nc3 a6 7. Nxb5 axb5 8. Rxa8 Bb7 9. Ra1 e6 10. Ne2 Bxe4 11.
Nc3 Bb4 12. Be2 Bxg2 13. Rg1 Be4 14. Bf3 Bd3 15. Ra8 Ne7 16. Bf4 Bd6 17. Bxd6 Qxd6 18. Qd2 O-O 19. Nxb5 Qd7 20. Nc3 Qxd4 21. Qg5 Nf5 22.
Qg4 Qe5+ 23. Kd1 Nd4 24. Be4 f5 25. f4 Qf6 26. Qg2 fxe4 27. Nxe4 Bxe4 28. Qxe4 Nbc6 29. Rxf8+ Kxf8 30. Re1 Qf5 31. Qxf5+ exf5 32. Rf1 Ke7 33. Kd2 Kd6 34. Kc3 Kc5 35. Ra1 Ne2+ 36. Kd2 Nxf4 37. Ra8 Nd5 38. Rg8 g6 39. Rg7 Ne5 40. Rxh7 f4 41.
Rg7 Kd4 42. Rg8 f3 43. Rf8 Ke4 44. Ke1 Nf4 45. h4 Ned3+ 46. Kf1 Nxb2 47. Re8+ Kf5 48. Kf2 Kg4 49. Re4 Nd3+ 50. Kf1 Kg3 51. Rxc4 Ng2 52. Re4 Ndf4 53. Re7 Nxh4 0-1

[Event "*** Titled Tuesday Blitz"]
[Site "Chess.com"]
[Date "2020.05.19"]
[Round "10"]
[White "JoakimVonAnd"]
[Black "IIIlllII1llIl"]
[Result "0-1"]
[WhiteElo "2477"]
[BlackElo "2639"]
[TimeControl "180+1"]
[EndTime "13:57:39 PDT"]
[Termination "IIIlllII1llIl won by checkmate"]

1. d4 Nf6 2. c4 g6 3. Nc3 Bg7 4. e4 d6 5. h3 O-O 6. Nf3 e5 7. d5 Nh5 8. g3 Na6 9. Be3 f5 10. exf5 gxf5 11. Nh4 Nf6 12. Bd3 e4 13. Be2 Nd7 14. Ng2 Ne5 15. Nf4 Nc5 16. Qc2 Ncd3+ 17. Nxd3 Nxd3+ 18. Bxd3 exd3 19. Qxd3 f4 20. Bxf4 Bf5 21.
Qd2 Qf6 22. O-O-O Bg6 23. Rde1 b5 24. cxb5 a6 25. bxa6 Rxa6 26. a3 Rb8 27. h4 Rab6 28. Re3 Qf5 29. g4 Qxf4 30. Re8+ Bxe8 31. Qxf4 Rxb2 32. Qe3 R2b3 33. Kc2 Bg6+ 34. Kd2 Rb2+ 35. Ke1 Re8 36. Rh3 Bxc3+ 37. Kf1 Rxe3 38. Rxe3 Rxf2+ 39. Kxf2 Bd4 40. Ke2 Bxe3 41. Kxe3 Be8 42. Kf4 Kf7 43. Kf5 Ba4 44. h5 Bb3 45. Ke4 Ba2 46. g5 Kg7 47. Kd4 h6 48. g6 Bb3 49. Ke4 Ba4 50. Kd4 Bb3 51. Ke4 Kf6 52. Kd4 Bd1 53. Ke4 Bxh5 54.
a4 Be2 55. a5 Ba6 56. Kd4 Kxg6 57. Ke4 h5 58. Kf4 Kf6 59. Kg3 Kg5 60. Kh3 h4 61.
Kh2 Kg4 62. Kg2 h3+ 63. Kh2 Kh4 64. Kh1 Kg3 65. Kg1 h2+ 66. Kh1 Bc4 67. a6 Bxd5# 0-1

[Event "*** Titled Tuesday Blitz"]
[Site "Chess.com"]
[Date "2020.05.19"]
[Round "10"]
[White "olksuna"]
[Black "SchmakAttack"]
[Result "1-0"]
[WhiteElo "2598"]
[BlackElo "2457"]
[TimeControl "180+1"]
[EndTime "13:57:39 PDT"]
[Termination "olksuna won by resignation"]

1. d4 Nf6 2. c4 e6 3. Nf3 d5 4.
Bg5 Nbd7 5. Qc2 Be7 6. Nbd2 O-O 7. e3 h6 8. Bh4 c5 9. dxc5 Nxc5 10. Be2 b6 11.
O-O Bb7 12. Rac1 Nfe4 13. Bxe7 Qxe7 14. b4 Nxd2 15. Nxd2 Nd7 16. Qb2 Rfc8 17. cxd5 Bxd5 18. e4 Bb7 19. a3 Qf6 20. Qxf6 Nxf6 21. f3 g5 22. Kf2 Kf8 23. Ke3 Ke7 24. Nc4 Nd7 25. Rfd1 Rc7 26. Nxb6 Rxc1 27. Rxd7+ Ke8 28. Bb5 axb6 29.
Rc7+ Kd8 30. Rxc1 Rxa3+ 31. Kd4 Ra2 32. Bf1 Kd7 33. Ke5 Bc6 34. b5 Bb7 35. Kf6 g4 36. f4 Bxe4 37. Kxf7 Bxg2 38. Bc4 Rf2 39. Bxe6+ Kd6 40.
f5 Bd5 41. Kg7 Bxe6 42. Rc6+ Kd5 43. fxe6 Rxh2 44. e7 Re2 45. Kf7 g3 46. Rg6 g2 47.
Rxg2 Rxg2 48. e8=Q Rf2+ 49. Kg7 Rf5 50. Qd8+ Ke5 51.
Qc7+ Ke4 52. Qxb6 h5 53. Qc6+ Kf4 54. b6 1-0

[Event "*** Titled Tuesday Blitz"]
[Site "Chess.com"]
[Date "2020.05.19"]
[Round "10"]
[White "GMJustin"]
[Black "Shushik"]
[Result "0-1"]
[WhiteElo "2308"]
[BlackElo "2119"]
[TimeControl "180+1"]
[EndTime "13:57:39 PDT"]
[Termination "Shushik won on time"]

1. e4 e5 2. Bc4 Nf6 3. d3 Nc6 4. Nc3 Bb4 5. Ne2 d5 6. exd5 Nxd5 7. O-O Bxc3 8. bxc3 O-O 9. Bb3 Bg4 10. f3 Be6 11. c4 Nf6 12. c3 Qd7 13. d4 Na5 14.
dxe5 Nxb3 15. axb3 Qxd1 16. Rxd1 Nd7 17. Bf4 c5 18.
Rd6 Nb8 19. Be3 Nd7 20. f4 b6 21. Ng3 g6 22. Ne4 Rfd8 23. Rad1 Kf8 24. Ng5 Bg4 25.
R1d2 h6 26. Ne4 Be6 27. h3 Ke7 28. g4 Nf8 29. Kf2 Rxd6 30. exd6+ Kd8 31. Ng3 Bd7 32. f5 g5 33. Ne4 Nh7 34. h4 f6 35. hxg5 hxg5 36. Kg3 Bc6 37. Rh2 Bxe4 38. Rxh7 a5 39. Rf7 Bc2 40. Rxf6 Kd7 41. Bxg5 Bxb3 42. Bf4 Bxc4 43.
Rf7+ Bxf7 44. g5 a4 45. g6 Bg8 46. f6 a3 47. f7 a2 48. fxg8=Q Rxg8 0-1